 Dungeon Crawl Stone Soup version 0.28.0-53-g5a82cb258f (webtiles) character file.

Game seed: 12905100529785981743

7788 Godmorgon the Fighter (level 11, 0/102 HPs)
             Began as a Minotaur Fighter on Aug 6, 2022.
             Was a Follower of the Shining One.
             Slain by an eight-headed hydra (10 damage)
             ... on level 1 of the Lair of Beasts.
             The game lasted 00:57:00 (12037 turns).

Godmorgon the Fighter (Minotaur Fighter)           Turns: 12037, Time: 00:57:00

Health: 0/102      AC: 15    Str: 24    XL:     11   Next: 1%
Magic:  14/14      EV: 14    Int:  5    God:    the Shining One [*.....]
Gold:   138        SH: 13    Dex: 11    Spells: 10/10 levels left

rFire   + . .      SeeInvis .   b - +1 mace (protect)
rCold   + . .      Faith    .   c - +0 buckler
rNeg    . . .      Spirit   .   s - +0 ring mail {rF+}
rPois   +          Reflect  .   (helmet restricted)
rElec   .          Harm     .   I - +0 cloak {rPois}
rCorr   .          Rampage  .   (no gloves)
Will    .....                   (no boots)
Stlth   ..........              d - amulet of magic regeneration
HPRegen 0.27/turn               k - ring of protection from cold
MPRegen 0.54/turn               G - +4 ring of evasion

@: divinely shielded, under a protective aura, glowing
A: horns 2, retaliatory headbutt
a: Renounce Religion, Divine Shield


You were on level 1 of the Lair of Beasts.
You worshipped the Shining One.
The Shining One was aware of your devotion.
You visited 3 branches of the dungeon, and saw 12 of its levels.
You also visited: Sewer.

You collected 621 gold pieces.
You spent 483 gold pieces at shops.

Inventory:

Hand Weapons
 b - a +1 mace of protection (weapon)
 e - a +1 whip of holy wrath
Missiles
 a - a curare-tipped dart
 l - 22 poisoned darts
 v - 2 throwing nets
 A - 5 boomerangs (quivered)
Armour
 c - a +0 buckler (worn)
 s - a +0 ring mail of fire resistance (worn)
 I - a +0 cloak of poison resistance (worn)
Jewellery
 d - an amulet of magic regeneration (around neck)
 k - a ring of protection from cold (left hand)
 u - a ring of ice
 G - a +4 ring of evasion (right hand)
Wands
 F - a wand of digging (6)
Scrolls
 f - 2 scrolls of blinking
 g - a scroll of torment {unknown}
 h - 6 scrolls of teleportation
 i - a scroll of vulnerability {unknown}
 n - a scroll of fog
 o - a scroll of summoning
 y - a scroll of amnesia {unknown}
 C - 2 scrolls of fear
 H - a scroll of holy word {unknown}
 L - a scroll of enchant weapon {unknown}
Potions
 j - 3 potions of haste
 m - a potion of flight {unknown}
 q - 3 potions of cancellation
 r - 4 potions of curing
 t - a potion of mutation {unknown}
 x - a potion of heal wounds {unknown}
 z - a potion of invisibility {unknown}
 D - 2 potions of berserk rage {unknown}
 E - 3 potions of ambrosia {unknown}


   Skills:
 + Level 11.4 Fighting
 + Level 11.0 Maces & Flails
 + Level 6.0 Throwing
 + Level 9.2 Armour
 - Level 5.0 Shields
 * Level 5.4 Invocations


You had 10 spell levels left.
You didn't know any spells.
Your spell library was empty.

Dungeon Overview and Level Annotations

Branches:
Dungeon (10/15)            Temple (1/1) D:7            Lair (1/6) D:9
    Orc (0/2) D:10          Sewer (visited)

Altars:
Ashenzari
Cheibriados
Dithmenos
Elyvilon
Fedhas
Gozag
Hepliaklqana
Kikubaaqudgha
Makhleb
Nemelex Xobeh
Okawaru
Qazlal
Ru
Sif Muna
Trog
Uskayaw
Vehumet
Wu Jian
Xom
Yredelemnul
Zin
The Shining One

Shops:
D:1 (   D:7 :*?(   D:8 =   D:10 [

Annotations:
D:7 3 runed translucent doors, macfelon's ghost, novice HuCj
Lair:1 Fannar


Innate Abilities, Weirdness & Mutations

You have a pair of horns on your head.
You reflexively headbutt those who attack you in melee.


Message History

You throw a boomerang. The boomerang hits Fannar!
Fannar is moderately wounded.
Throw: 5 boomerangs
Press: ? - help, Q - select action, (/) - cycle Shift-Dir - straight line, f/p - Fannar
Aim: Fannar, wielding a staff of cold and wearing a +1 robe of cold resistance (moderately wounded, 50% to hit)
You throw a boomerang. The boomerang closely misses Fannar.
You sock Fannar!
Your weapon exudes an aura of protection.
Your headbutt misses Fannar.
Fannar is moderately wounded.
You thump Fannar! Your headbutt misses Fannar.
Fannar is heavily wounded.
You block Fannar's attack.
You barely miss Fannar.
Fannar is heavily wounded.
Fannar barely misses you.
You hit Fannar but do no damage.
Fannar is heavily wounded.
You hit Fannar but do no damage. Your headbutt misses Fannar.
Fannar is heavily wounded.
You feel yourself slow down. Fannar hits you but does no damage.
Fannar freezes you.
* * * LOW HITPOINT WARNING * * *
You closely miss Fannar.
Fannar is heavily wounded.
You hit Fannar. You headbutt Fannar, but do no damage.
Fannar is heavily wounded.
Fannar brushes some snowflakes from their robe.
You block Fannar's attack. The ice beast misses you.
The ice beast hits you but does no damage.
You block the eight-headed hydra's attack.
The eight-headed hydra barely misses you.
The eight-headed hydra closely misses you. x2
The eight-headed hydra bites you!
* * * LOW HITPOINT WARNING * * *
The eight-headed hydra bites you!
* * * LOW HITPOINT WARNING * * *
The eight-headed hydra bites you!
You die...

###..###.......##.......#
#......Y................#
#Y.....#..Y....#........##
##.e#####.###...###.....^.#
##Y..# ####..#.# #.......#
...#.# ###.PY# ##..#...#
.D##.# #...YY## #..#####
.(...######..##De.# #.##
....††..P##.# #.@.###.#
#...###.....# #...##..####
##..##†..#### #...##.#...#
P.....#.### #...##.....#
..P...#...######.###.....#
..^...#......# #.# #...###
.....##.#....# #.. #.###
#...###.#....# ##. #.P#
..### ..#...#...# #.##


You could see Fannar, an eight-headed hydra and 3 ice beasts.

Vanquished Creatures
  A boulder beetle (D:9)
  A tengu warrior (D:8)
  A cyclops (D:8)
  A cane toad (Lair:1)
  A komodo dragon (D:9)
  A hornet (D:8)
  6 yaks
  A wyvern (Lair:1)
  Grum (Lair:1)
  2 vampire mosquitoes (D:10)
  3 water moccasins
  An orc warrior (D:9)
  An ice beast (D:6)
  2 necrophages (D:5)
  A black bear (D:5)
  3 ogres
  7 wolves
  A phantom (D:4)
  4 centaurs
  2 kobold brigands
  A gnoll sergeant (D:7)
  A scorpion (D:6)
  2 bullfrogs
  A wyvern skeleton (D:7)
  A water moccasin skeleton (D:5)
  3 howler monkeys (D:10)
  A hound (D:4)
  3 centaur zombies
  7 jellies
  4 orc priests
  A gnoll shaman (D:8)
  2 iguanas
  An iron imp (D:5)
  Crazy Yiuf (D:3)
  6 orc wizards
  A killer bee zombie (D:8)
  A hound skeleton (D:4)
  3 howler monkey zombies
  13 gnolls
  8 river rats
  6 adders
  An adder skeleton (D:4)
  4 worms
  A dart slug (D:1)
  18 orcs
  6 ball pythons
  9 bats
  12 endoplasms
  8 giant cockroaches
  7 goblins
  5 hobgoblins
  9 jackals
  24 kobolds
  3 quokkas
  6 frilled lizards
  6 rats
227 creatures vanquished.

Vanquished Creatures (others)
  A plant (Lair:1)
  3 toadstools (D:6)
4 creatures vanquished.

Grand Total: 231 creatures vanquished

Notes
Turn   | Place    | Note
-------+----------+-------------------------------------------
     0 | D:1      | Godmorgon the Minotaur Fighter began the quest for the Orb.
     0 | D:1      | Reached XP level 1. HP: 19/19 MP: 0/0
    77 | D:1      | Reached XP level 2. HP: 20/27 MP: 1/1
   503 | D:1      | Reached XP level 3. HP: 26/33 MP: 2/2
   750 | D:1      | Found a faded altar of an unknown god.
   917 | D:1      | Found Dymad's Antique Weapon Emporium.
  1599 | D:2      | Found a basalt altar of Yredelemnul.
  1752 | D:2      | Reached XP level 4. HP: 41/41 MP: 3/3
  1790 | D:2      | Identified the +8 whip of Tiwkeboe {pain, rElec}
  2271 | D:3      | Reached skill level 1 in Throwing
  2271 | D:3      | Reached XP level 5. HP: 47/47 MP: 4/4
  2603 | D:3      | Reached skill level 5 in Fighting
  2786 | D:3      | Found a runed translucent door.
  2787 | D:3      | Noticed Crazy Yiuf
  2791 | D:3      | Killed Crazy Yiuf
  3140 | D:4      | Noticed an ogre
  3157 | D:4      | Killed an ogre
  3158 | D:4      | Reached XP level 6. HP: 56/56 MP: 5/5
  3358 | D:4      | Reached skill level 5 in Maces & Flails
  3358 | D:4      | Reached skill level 5 in Armour
  3505 | D:4      | Found a glowing drain.
  3508 | D:4      | Reached XP level 7. HP: 29/63 MP: 6/6
  3514 | Sewer    | Entered a sewer
  3771 | Sewer    | Found a shimmering altar of Xom.
  3792 | Sewer    | Reached skill level 5 in Shields
  4807 | D:5      | Entered Level 5 of the Dungeon
  4906 | D:5      | Reached XP level 8. HP: 73/73 MP: 7/7
  5258 | D:5      | Found a hide-covered altar of Uskayaw.
  5267 | D:5      | Identified the +6 scimitar of Vasiyhast {elec, *Rage rF+
                  | Int+4}
  5372 | D:5      | Found a snail-covered altar of Cheibriados.
  5484 | D:5      | Found a shimmering altar of Xom.
  5970 | D:6      | Found a shimmering blue altar of Sif Muna.
  6404 | D:6      | Found a white marble altar of Elyvilon.
  6411 | D:6      | Identified the +3 hunting sling of Diewe {venom, *Corrode
                  | rN+ Str-3 Dex+7}
  6686 | D:7      | Found Buet's Magic Scroll Shop.
  6688 | D:7      | Found Atam's Assorted Antiques.
  6698 | D:7      | Found a runed translucent gate.
  6698 | D:7      | Found a runed translucent gate.
  6698 | D:7      | Found a runed translucent gate.
  6699 | D:7      | Noticed a tengu conjurer
  6699 | D:7      | Noticed macfelon's ghost (novice HuCj)
  6731 | D:7      | Bought a scroll of fear for 49 gold pieces
  6731 | D:7      | Bought a scroll of immolation for 49 gold pieces
  6731 | D:7      | Bought a scroll of enchant armour for 105 gold pieces
  6731 | D:7      | Bought a scroll of identify for 28 gold pieces
  6731 | D:7      | Bought a scroll of identify for 28 gold pieces
  6731 | D:7      | Bought a scroll of blinking for 105 gold pieces
  6816 | D:7      | Found a radiant altar of Vehumet.
  7052 | D:7      | Reached XP level 9. HP: 82/82 MP: 8/8
  7227 | D:7      | Found Hapul's Book Emporium.
  7282 | D:7      | Found Uchoorph's Antique Weapon Shoppe.
  7408 | D:7      | Found a staircase to the Ecumenical Temple.
  7417 | Temple   | Entered the Ecumenical Temple
  7647 | Temple   | Became a worshipper of the Shining One
  7798 | D:8      | Noticed a tengu warrior
  7815 | D:8      | Paralysed by a hornet for 2 turns
  7825 | D:8      | The Shining One protects you from harm!
  7827 | D:8      | Killed a tengu warrior
  8167 | D:8      | Found an iron altar of Okawaru.
  8275 | D:8      | Noticed a cyclops
  8304 | D:8      | Killed a cyclops
  8305 | D:8      | Reached skill level 10 in Fighting
  8305 | D:8      | Reached skill level 5 in Throwing
  8506 | D:8      | Found a hazy altar of Hepliaklqana.
  8520 | D:8      | Found Faduoc's Jewellery Shop.
  9033 | D:8      | Reached skill level 10 in Maces & Flails
  9456 | D:9      | Reached skill level 1 in Invocations
  9456 | D:9      | Reached XP level 10. HP: 94/94 MP: 9/9
  9659 | D:9      | Found a staircase to the Lair.
  9835 | D:9      | Noticed a boulder beetle
  9851 | D:9      | Killed a boulder beetle
 10282 | D:10     | Entered Level 10 of the Dungeon
 10284 | D:10     | Found Neleg's Armour Shop.
 10307 | D:10     | Bought a +0 cloak of poison resistance for 119 gold pieces
 10574 | D:10     | Found a staircase to the Orcish Mines.
 10574 | D:10     | Reached * piety under the Shining One
 11243 | Lair:1   | Entered Level 1 of the Lair of Beasts
 11246 | Lair:1   | Noticed Grum
 11648 | Lair:1   | Killed Grum
 11649 | Lair:1   | Reached skill level 5 in Invocations
 11731 | Lair:1   | Noticed a cane toad
 11741 | Lair:1   | Killed a cane toad
 11972 | Lair:1   | Noticed Fannar
 11973 | Lair:1   | Noticed an eight-headed hydra
 11985 | Lair:1   | Reached XP level 11. HP: 57/102 MP: 12/14
 12037 | Lair:1   | Slain by an eight-headed hydra

Illustrated notes

Levels and vault maps discovered:
D:1:      lightli_arrival_windingriver, layout_basic, serial_shops, shop,
          shapermc_ecumenical_altar_mp_ritualfount,
          minmay_misc_feat_four_crosses, minmay_indecisive_spiral
D:2:      layout_basic, basic_altar, minmay_octomino_e4
D:3:      layout_loops_ring, uniq_crazy_yiuf_cottage
D:4:      layout_basic, lightli_sewer_entry_pipes
D:5:      layout_cave_pods, eat_drink_and_be_merry_uskayaw, marbit_many_paths,
          chei_slow_surprise
D:6:      layout_cave_pools, nicolae_overflow_crystal_walls, old_standard_altar,
          minmay_gold_behind_fungi, minmay_crystal_room
D:7:      layout_loops_ring, nicolae_vehumet_altar_sigil,
          minmay_temple_entry_poolview, gammafunk_ghost_split, serial_shops,
          shop, shop, nicolae_shop_competitors_out_of_business, shop
D:8:      layout_loops_cross, mainiacjoe_overflow_six_doors_small,
          nicolae_overflow_hidden_temple, serial_shops,
          nicolae_shop_advertising_works [nicolae_subvault_shop_adworks]
D:9:      layout_loops_ring, lair_entry_dummy, kennysheep_dice
D:10:     layout_roguey, orc_0_dummy, serial_shops, nicolae_shop_statue_plus,
          roderic_roman_lattice
Temple:   dpeg_chambers_temple
Lair:1:   layout_misc_corridors, grunt_megastairs_3, uniq_grum, uniq_fannar,
          uniq_prince_ribbit2

Skill      XL: |  1  2  3  4  5  6  7  8  9 10 |
---------------+-------------------------------+-----
Fighting       | 4 5 6 7 8 10 11 | 11.4
Armour         | 4 5 6 8 9 |  9.2
Maces & Flails | 3 4 5 6 8 10 11 | 11.0
Shields        | 4 5 |  5.0
Throwing       | 1 2 3 4 5 6 |  6.0
Invocations    | 1 5 |  5.4

Action                   |  1- 3 |  4- 6 |  7- 9 | 10-12 || total
-------------------------+-------+-------+-------+-------++-------
Melee: Flail             |    86 |       |       |       ||    86
       Headbutt          |     7 |    15 |    55 |    33 ||   110
       Whip              |       |   122 |   196 |       ||   318
       Mace              |       |       |    54 |   149 ||   203
Throw: Dart              |       |     9 |    26 |     9 ||    44
       Boomerang         |       |       |    31 |     9 ||    40
Invok: Divine Shield     |       |       |       |     2 ||     2
Evoke: Wand              |       |       |       |     1 ||     1
  Use: Scroll            |       |     4 |     3 |     3 ||    10
       Potion            |       |       |     2 |     2 ||     4
Armor: Scale mail        |    38 |    10 |       |       ||    48
       Ring mail         |       |    24 |    79 |    45 ||   148
Dodge: Dodged            |    28 |    40 |   118 |    98 ||   284
Block: Buckler           |    27 |    12 |    47 |    53 ||   139
